 Dungeon Crawl Stone Soup version 0.22.1-1-ga44c0e5 (webtiles) character file.

623 dvd the Stinger (level 7, 0/38 HPs)
             Began as a Deep Elf Venom Mage on Oct 25, 2018.
             Slain by a frilled lizard (3 damage)
             ... on level 4 of the Dungeon.
             The game lasted 00:11:26 (4096 turns).

dvd the Stinger (Deep Elf Venom Mage)               Turns: 4096, Time: 00:11:27

Health: 0/38       AC:  2    Str:  5    XL:     7   Next: 22%
Magic:  6/17       EV: 13    Int: 22    God:
Gold:   243        SH:  0    Dex: 15    Spells: 2/17 levels left

rFire    + . .     SeeInvis .   m - +3 dagger (elec)
rCold    . . .     Gourm    .   (no shield)
rNeg     . . .     Faith    .   a - +0 robe
rPois    +         Spirit   .   (no helmet)
rElec    .         Reflect  .   (no cloak)
rCorr    .         Harm     .   (no gloves)
MR       .....                  (no boots)
Stlth    +++.......             (no amulet)
HPRegen  0.12/turn              j - ring of protection from fire
MPRegen  0.15/turn              n - ring of poison resistance

@: very slightly contaminated
A: no striking features
a: no special abilities


You were on level 4 of the Dungeon.
You were not hungry.

You visited 1 branch of the dungeon, and saw 4 of its levels.
You also visited: Ossuary.

You collected 243 gold pieces.

Inventory:

Hand Weapons
 e - a +2 short sword of freezing
 l - a +1 dagger of venom
 m - a +3 dagger of electrocution (weapon)
Armour
 a - a +0 robe (worn)
Jewellery
 j - a ring of protection from fire (left hand)
 n - a ring of poison resistance (right hand)
Scrolls
 h - 3 scrolls of teleportation
 i - a scroll of remove curse
 r - a scroll of identify
Potions
 b - a potion of haste {unknown}
 f - a potion of magic {unknown}
 g - 2 potions of berserk rage {unknown}
 k - 6 potions of mutation {unknown}
 p - a potion of ambrosia {unknown}
 s - a potion of heal wounds {unknown}
Comestibles
 c - 13 rations


   Skills:
 + Level 1.0 Fighting
 + Level 2.0 Short Blades
 + Level 3.0 Dodging
 + Level 3.8 Stealth
 + Level 5.8 Spellcasting
 + Level 1.2 Conjurations
 + Level 1.6 Air Magic
 * Level 6.5 Poison Magic


You had 2 spell levels left.
You knew the following spells:

 Your Spells              Type           Power        Failure   Level  Hunger
a - Sting                 Conj/Pois      ###.         1%          1    None
b - Poisonous Vapours     Pois/Air       ###...       2%          2    None
c - Mephitic Cloud        Conj/Pois/Air  ###.....     8%          3    ##.....
d - Olgreb's Toxic Radia  Pois           #####...     6%          4    ####...
e - Venom Bolt            Conj/Pois      ###.......   47%         5    #####..

Your spell library contained the following spells:

 Spells                   Type           Power        Failure   Level  Hunger


Dungeon Overview and Level Annotations

Branches:
Dungeon (4/15)
 Temple: D:4-7

Altars:
Yredelemnul


Message History

You hit the frilled lizard.
The frilled lizard is heavily wounded.
The sky beast hits you. The sky beast shocks you.
The frilled lizard closely misses you.
Casting: Poisonous Vapours (safe; 2% risk of failure)
Confirm with . or Enter, or press ? or * to list all spells.
Aiming: Poisonous Vapours (safe; 2% risk of failure)
Press: ? - help, Dir - move target cursor, f - frilled lizard, p - sky beast
Aim: a frilled lizard (heavily wounded)
You miscast Poisonous Vapours.
You are very lightly contaminated with residual magic.
You feel mildly nauseous. The sky beast hits you.
* * * LOW HITPOINT WARNING * * *
The sky beast shocks you.
* * * LOW HITPOINT WARNING * * *
The frilled lizard barely misses you. The frilled lizard bites you.
* * * LOW HITPOINT WARNING * * *
The frilled lizard bites you.
You die...

......###.....#.......,,,,,,##..#
......# #.....#......,,,,,,,##..#
..[...# #####.#....###**,,,,#....
......# #.#......#,,,,,,#....
#.....# #.#......#,,,,,,#.###
#'....# #.'..#####****,,#.'..
.##...# ###......#,,,,,,#.###
..##..# #Yl...[#,,,,,,### .##...#
#.@..###**,,,,* ##....#
#.........,,,,* #.....#
#.........,,,,* ......#
#[........,,,,* ......#
###########***##### ......#
#.....#####....
......#############...###...#....
....................#.# #.#.#....
................###.#.# #.#......


You could see a sky beast and a frilled lizard.

Vanquished Creatures
  Menkaure (D:4)
  An ogre (D:4)
  A bullfrog (D:4)
  An orc priest (D:3)
  A centaur skeleton (D:4)
  Jessica (D:3)
  2 worker ants (D:4)
  3 adders
  8 gnolls
  A howler monkey skeleton (D:4)
  An ooze (D:3)
  4 worms (D:2)
  4 dart slugs
  2 leopard geckos
  6 orcs
  A ball python (D:1)
  6 bats
  6 giant cockroaches
  6 goblins
  11 hobgoblins
  8 jackals
  5 kobolds
  A quokka (D:3)
  A gnoll zombie (Ossuary)
  A hobgoblin zombie (Ossuary)
  7 rats
90 creatures vanquished.

Notes
Turn   | Place    | Note
-------+----------+-------------------------------------------
     0 | D:1      | dvd the Deep Elf Venom Mage began the quest for the Orb.
     0 | D:1      | Reached XP level 1. HP: 10/10 MP: 6/6
   137 | D:1      | Reached XP level 2. HP: 15/15 MP: 4/8
   143 | D:1      | Learned a level 2 spell: Poisonous Vapours
   177 | D:1      | Reached skill level 4 in Poison Magic
   552 | D:1      | Reached XP level 3. HP: 17/19 MP: 2/9
   613 | D:1      | Learned a level 3 spell: Mephitic Cloud
  1043 | D:2      | Reached skill level 1 in Short Blades
  1161 | D:2      | Reached XP level 4. HP: 24/24 MP: 5/11
  1651 | D:2      | Learned a level 4 spell: Olgreb's Toxic Radiance
  2024 | D:3      | Reached skill level 1 in Air Magic
  2030 | D:3      | Reached XP level 5. HP: 28/28 MP: 9/13
  2292 | D:3      | Noticed Jessica
  2296 | D:3      | Killed Jessica
  2408 | D:3      | Reached skill level 5 in Poison Magic
  2527 | D:3      | Found a basalt altar of Yredelemnul.
  2927 | D:4      | Noticed Menkaure
  2976 | D:4      | Noticed an ogre
  2989 | D:4      | Killed an ogre
  2989 | D:4      | Reached skill level 5 in Spellcasting
  2989 | D:4      | Reached XP level 6. HP: 29/33 MP: 6/15
  3133 | D:4      | Reached skill level 6 in Poison Magic
  3139 | D:4      | Found a sand-covered staircase.
  3229 | D:4      | Learned a level 5 spell: Venom Bolt
  3230 | Ossuary  | Entered an ossuary
  3542 | D:4      | Killed Menkaure
  3542 | D:4      | Reached XP level 7. HP: 18/37 MP: 17/17
  4084 | D:4      | Reached skill level 1 in Fighting
  4096 | D:4      | Slain by a frilled lizard

Skill      XL: |  1  2  3  4  5  6  7 |
---------------+----------------------+-----
Poison Magic   | 4 5 6 |  6.5
Short Blades   | 1 2 |  2.0
Stealth        | 3 |  3.8
Spellcasting   | 4 5 |  5.8
Air Magic      | 1 |  1.6
Fighting       | 1 |  1.0
Dodging        | 3 |  3.0
Conjurations   | |  1.2

Action                   |  1- 3 |  4- 6 |  7- 9 || total
-------------------------+-------+-------+-------++-------
Melee: Short sword       |    41 |    18 |       ||    59
       Dagger            |       |    16 |    10 ||    26
 Cast: Sting             |    22 |    16 |       ||    38
       Poisonous Vapours |    24 |    40 |     2 ||    66
       Olgreb's Toxic Ra |       |     8 |     1 ||     9
       Mephitic Cloud    |       |       |     1 ||     1
  Use: Scroll            |       |     6 |     2 ||     8
 Stab: Sleeping          |     1 |       |       ||     1
  Eat: Chunk             |     2 |     8 |       ||    10
       Ration            |       |       |     1 ||     1
Armor: Robe              |     8 |     7 |       ||    15
Dodge: Dodged            |    32 |    39 |     7 ||    78
